AoeStats
← Ux'RaúlME

Pilgrims

507177858Analyzed
3v3 RM · 16d ago on Sep 17, 2026· 72m 23s· 6 players
Game mode
Random Map
Map size
Normal (6 player)
Population
200
Speed
Normal
Resources
Standard
Victory
Conquest
Starting age
Dark Age
Ending age
Imperial Age
RankedLock teamsTeams togetherTeam positionsShared explorationLock speedFull tech treeHidden civsTurbo modeCheats
Victory
Defeat
🇦🇷 Lithuanians · Argentina
1302
+12
🇦🇷 Koreans · Argentina
1166
+18
🇦🇷 Vikings · Argentina
1060
+23
🇲🇽 Italians · Mexico
1277
-20
🇲🇽 Malay · Mexico
1213
-18
🇲🇽 Persians · Mexico
1144
-15
ic.adelira
9:09 Loom
11:17 Feudal Age
11:13 Double-Bit Axe
14:25 Fletching
17:57 Horse Collar
20:51 Castle Age
21:17 Bodkin Arrow
21:24 Padded Archer Armor
21:14 Crossbowman
24:09 Masonry
24:23 Ballistics
24:59 Bow Saw
24:55 Heavy Plow
28:25 Wheelbarrow
27:43 Gold Mining
31:57 Imperial Age
40:29 Gold Shaft Mining
39:57 Bracer
43:05 Arbalester
44:30 Pikeman
47:12 Thumb Ring
Ux'RaúlME
7:16 Loom
10:46 Feudal Age
14:42 Castle Age
13:29 Fletching
27:58 Imperial Age
27:54 Bodkin Arrow
30:20 Conscription
31:35 Ballistics
36:39 Bracer
48:43 Double-Bit Axe
Ux'RaulitoMD
5:31 Loom
11:56 Feudal Age
13:03 Fishing Lines
16:26 Castle Age
15:53 Double-Bit Axe
16:56 Forging
21:27 Wheelbarrow
22:02 Bow Saw
23:39 Fletching
25:22 Horse Collar
28:27 Bloodlines
29:33 Hand Cart
29:04 Town Watch
32:24 Gillnets
35:57 Husbandry
35:18 Light Cavalry
38:30 Heavy Plow
38:41 Scale Barding Armor
39:12 Iron Casting
38:33 Bodkin Arrow
39:03 Ballistics
38:43 Murder Holes
40:07 Masonry
39:49 Guard Tower
40:04 Siphons
42:55 Imperial Age
41:39 Chain Barding Armor
43:49 Medium Warships
43:49 Heavy Camel Rider
45:09 Plate Barding Armor
45:27 Pikeman
46:08 Squires
45:54 Arson
45:55 Gambesons
46:13 Scale Mail Armor
47:13 Blast Furnace
46:43 Halberdier
50:09 Chain Mail Armor
54:20 Heavy Warships
55:35 Crop Rotation
57:58 Clinker Construction
58:01 Careening
60:02 Chemistry
59:50 Dry Dock
59:51 Carvel Hull
60:49 Incendiaries
acaniglia
5:12 Loom
11:54 Feudal Age
19:56 Castle Age
41:53 Gold Mining
44:37 Forging
47:28 Iron Casting
49:39 Scale Mail Armor
53:39 Imperial Age
52:38 Chain Mail Armor
55:28 Horse Collar
55:34 Double-Bit Axe
56:24 Fletching
62:13 Bodkin Arrow
66:14 Bracer
67:33 Elite Turtle Ship
Hsgdup!!!!
14:00 Feudal Age
17:08 Loom
19:38 Castle Age
19:05 Stone Mining
19:13 Fletching
37:30 Double-Bit Axe
39:50 Bow Saw
39:23 Horse Collar
41:38 Heavy Plow
44:19 Gold Mining
44:03 Pikeman
44:49 Squires
44:25 Elite Skirmisher
47:27 Town Watch
50:25 Imperial Age
51:08 Town Patrol
51:10 Bodkin Arrow
51:17 Padded Archer Armor
51:36 Scale Mail Armor
51:03 Cavalier
52:12 Bracer
54:09 Leather Archer Armor
58:49 Bogsveigar
60:31 Ballistics
60:04 Heated Shot
60:28 Careening
61:44 Ring Archer Armor
61:27 Forging
61:00 Treadmill Crane
61:36 Clinker Construction
62:28 Chemistry
61:35 Siphons
62:08 Conscription
61:50 Chieftains
62:16 Elite Longship
67:39 Crop Rotation
68:11 Two-Man Saw
68:30 Spies/Treason
Pryzma
8:35 Loom
10:20 Feudal Age
14:16 Castle Age
13:14 Double-Bit Axe
13:19 Fishing Lines
16:12 Bow Saw
16:01 Gillnets
24:16 Imperial Age
23:28 Scale Barding Armor
23:20 Horse Collar
24:34 Wheelbarrow
24:12 Gold Mining
25:18 Chain Barding Armor
27:07 Plate Barding Armor
26:50 Forging
27:27 Elite Leitis
29:33 Bloodlines
29:23 Husbandry
30:01 Iron Casting
30:15 Heavy Plow
31:37 Chemistry
32:22 Crop Rotation
34:10 Stone Mining
36:00 Conscription
36:16 Hand Cart
35:46 Town Watch
38:48 Coinage
63:32 Medium Warships
63:37 Careening
63:50 Ballistics
63:50 Bombard Tower
63:42 Spies/Treason
65:41 Medium Warships
66:51 Heavy Warships
66:42 Careening
Connection lost

Rejoining the realm…

Still unreachable

The connection could not be restored.

Session expired

The server has moved on; the page needs a fresh start.